2541 views
Uploaded 2022-05-04 21:40:41
Game version 1.32.10
20:40 long 1on1 ladder game on (2)TerenasStand_LV
Saved by Nightime
2541 views
Uploaded 2022-05-04 21:40:41
Game version 1.32.10
20:40 long 1on1 ladder game on (2)TerenasStand_LV

45 units @ 3.9k
/ 0.6k
17 buildings @ 3.1k
/ 1.5k



| Staff of Preservation | 1 | 150 |
| Orb of Venom | 2 | 650 |
| Moonstone | 2 | 100 |
| Scroll of Healing | 3 | 750 |
| Scroll of Town Portal | 3 | 1050 |
| Boots of Speed | 1 | 250 |
| Staff of Teleportation | 1 | 150 |
| Potion of Lesser Invulnerability | 2 | 300 |
| total: | 15 | 3400g |
| Wisp | 34 | 2040 | / | 0 |
| Archer | 2 | 260 | / | 20 |
| Dryad | 6 | 870 | / | 360 |
| Druid of the Claw | 3 | 765 | / | 240 |
| total: | 45 | 3935g | / | 620w |
| Altar of Elders | 1 | 180 | / | 50 |
| Ancient of War | 2 | 300 | / | 120 |
| Moon Well | 6 | 1080 | / | 240 |
| Tree of Life | 2 | 680 | / | 370 |
| Ancient of Wonders | 1 | 90 | / | 30 |
| Hunter's Hall | 1 | 210 | / | 100 |
| Ancient of Lore | 2 | 310 | / | 290 |
| Ancient of Wind | 2 | 300 | / | 280 |
| Tree of Ages | 1 | 320 | / | 180 |
| Tree of Eternity | 1 | 330 | / | 200 |
| total: | 17 | 3150g | / | 1480w |
| 0:02 | Wisp |
| 0:02 | Wisp |
| 0:07 | Altar of Elders |
| 0:23 | Ancient of War |
| 0:26 | Wisp |
| 0:32 | Moon Well |
| 0:41 | Wisp |
| 0:50 | Wisp |
| 1:12 | Wisp |
| 1:19 | Moon Well |
| 1:32 | Archer |
| 1:34 | Wisp |
| 1:49 | Archer |
| 2:21 | Mana Burn |
| 2:41 | Wisp |
| 2:41 | Wisp |
| 3:09 | Wisp |
| 3:15 | Evasion |
| 3:25 | Wisp |
| 3:29 | Moon Well |
| 3:39 | Tree of Ages |
| 4:00 | Boots of Speed |
| 4:27 | Tree of Life |
| 4:44 | Ancient of War |
| 4:51 | Moon Well |
| 4:56 | Ancient of Wonders |
| 5:12 | Mana Burn |
| 5:24 | Moon Well |
| 5:35 | Hunter's Hall |
| 6:01 | Tree of Eternity |
| 6:37 | Staff of Teleportation |
| 6:41 | Strength of the Wild |
| 6:41 | Ultravision |
| 6:42 | Reinforced Hides |
| 6:49 | Wisp |
| 6:50 | Wisp |
| 7:24 | Ancient of Lore |
| 7:50 | Ancient of Lore |
| 8:06 | Entangling Roots |
| 8:17 | Wisp |
| 8:17 | Wisp |
| 8:17 | Wisp |
| 8:25 | Wisp |
| 8:25 | Wisp |
| 9:14 | Wisp |
| 9:49 | Dryad |
| 9:50 | Abolish Magic |
| 10:00 | Wisp |
| 10:01 | Improved Strength of the Wild |
| 10:01 | Improved Reinforced Hides |
| 10:20 | Wisp |
| 10:20 | Wisp |
| 10:28 | Staff of Preservation |
| 10:28 | Orb of Venom |
| 10:42 | Dryad |
| 11:13 | Druid of the Claw Adept Training |
| 11:28 | Dryad |
| 11:42 | Force of Nature |
| 12:08 | Moonstone |
| 12:12 | Trueshot Aura |
| 12:15 | Potion of Lesser Invulnerability |
| 12:19 | Dryad |
| 12:20 | Advanced Strength of the Wild |
| 12:38 | Moon Well |
| 13:50 | Dryad |
| 14:01 | Druid of the Claw Master Training |
| 14:16 | Orb of Venom |
| 14:20 | Moonstone |
| 14:31 | Scroll of Healing |
| 14:32 | Scroll of Healing |
| 14:48 | Nature's Blessing |
| 14:51 | Advanced Reinforced Hides |
| 14:52 | Well Spring |
| 14:53 | Dryad |
| 14:54 | Druid of the Claw |
| 15:16 | Wisp |
| 15:25 | Druid of the Claw |
| 15:53 | Scroll of Town Portal |
| 16:22 | Wisp |
| 16:22 | Wisp |
| 16:22 | Wisp |
| 16:26 | Wisp |
| 16:35 | Scroll of Town Portal |
| 16:41 | Wisp |
| 16:41 | Wisp |
| 16:41 | Wisp |
| 16:42 | Wisp |
| 17:13 | Wisp |
| 17:16 | Mark of the Claw |
| 17:56 | Wisp |
| 17:56 | Wisp |
| 17:58 | Druid of the Claw |
| 18:02 | Ancient of Wind |
| 18:14 | Ancient of Wind |
| 18:17 | Scroll of Town Portal |
| 18:30 | Scroll of Healing |
| 18:30 | Potion of Lesser Invulnerability |
| 18:58 | Tree of Life |
| 19:37 | Evasion |
| 19:40 | Searing Arrows |
| 20:31 | Entangling Roots |
| Right click | 1746 |
| Select group | 1334 |
| Select | 360 |
| Build/train/purchase | 110 |
| Use ability | 79 |
| Misc. action | 50 |
| Assign group | 49 |
| Chat | 10 |
| Item give/drop | 3 |
| Esc | 2 |
40 units @ 5.9k
/ 0.9k
23 buildings @ 4k
/ 1.1k



| Rod of Necromancy | 2 | 300 |
| Ritual Dagger | 2 | 250 |
| Sacrificial Skull | 1 | 50 |
| Potion of Mana | 8 | 1600 |
| Potion of Healing | 2 | 300 |
| Scroll of Healing | 6 | 1500 |
| Scroll of Town Portal | 3 | 1050 |
| Boots of Speed | 1 | 250 |
| Scroll of Protection | 1 | 150 |
| total: | 26 | 5450g |
| Acolyte | 8 | 600 | / | 0 |
| Ghoul | 18 | 2160 | / | 0 |
| Meat Wagon | 4 | 920 | / | 200 |
| Crypt Fiend | 3 | 645 | / | 120 |
| Obsidian Statue | 1 | 200 | / | 35 |
| Goblin Zeppelin | 2 | 480 | / | 120 |
| Goblin Sapper | 4 | 860 | / | 400 |
| total: | 40 | 5865g | / | 875w |
| Spirit Tower | 2 | 290 | / | 80 |
| Nerubian Tower | 1 | 100 | / | 20 |
| Crypt | 6 | 1200 | / | 300 |
| Altar of Darkness | 1 | 180 | / | 50 |
| Ziggurat | 6 | 900 | / | 300 |
| Tomb of Relics | 3 | 390 | / | 90 |
| Graveyard | 3 | 645 | / | 0 |
| Necropolis | 1 | 225 | / | 0 |
| Temple of the Damned | 1 | 155 | / | 140 |
| Slaughterhouse | 2 | 280 | / | 270 |
| Halls of the Dead | 1 | 320 | / | 210 |
| Black Citadel | 1 | 325 | / | 230 |
| total: | 23 | 3975g | / | 1150w |
| 0:02 | Acolyte |
| 0:03 | Crypt |
| 0:04 | Crypt |
| 0:05 | Altar of Darkness |
| 0:18 | Acolyte |
| 0:25 | Ziggurat |
| 0:33 | Acolyte |
| 0:54 | Tomb of Relics |
| 0:58 | Acolyte |
| 1:10 | Ghoul |
| 1:25 | Ziggurat |
| 1:44 | Ghoul |
| 2:05 | Ghoul |
| 2:17 | Carrion Beetles |
| 2:18 | Rod of Necromancy |
| 2:27 | Graveyard |
| 2:34 | Acolyte |
| 2:38 | Graveyard |
| 3:00 | Backpack |
| 3:09 | Ghoul |
| 3:13 | Ritual Dagger |
| 3:13 | Sacrificial Skull |
| 3:37 | Ghoul |
| 4:14 | Impale |
| 4:19 | Tomb of Relics |
| 4:21 | Ziggurat |
| 4:22 | Necropolis |
| 4:31 | Tomb of Relics |
| 4:37 | Ghoul |
| 5:13 | Ghoul |
| 5:35 | Graveyard |
| 5:42 | Ghoul |
| 5:46 | Carrion Beetles |
| 6:02 | Halls of the Dead |
| 6:34 | Ghoul |
| 6:34 | Ghoul |
| 6:40 | Crypt |
| 6:41 | Spirit Tower |
| 6:42 | Ziggurat |
| 6:44 | Acolyte |
| 6:44 | Acolyte |
| 6:44 | Acolyte |
| 7:59 | Ghoul |
| 8:40 | Potion of Mana |
| 8:40 | Potion of Mana |
| 9:05 | Black Citadel |
| 9:08 | Spirit Tower |
| 9:08 | Ziggurat |
| 9:09 | Crypt |
| 9:10 | Crypt |
| 9:13 | Boots of Speed |
| 9:14 | Scroll of Healing |
| 9:36 | Burrow |
| 9:41 | Impale |
| 9:56 | Unholy Aura |
| 9:58 | Potion of Mana |
| 9:58 | Potion of Mana |
| 10:48 | Ghoul |
| 10:48 | Ghoul |
| 11:27 | Ghoul Frenzy |
| 11:29 | Nerubian Tower |
| 11:31 | Crypt |
| 12:08 | Scroll of Town Portal |
| 12:08 | Potion of Mana |
| 12:13 | Scroll of Healing |
| 12:15 | Ghoul |
| 12:23 | Temple of the Damned |
| 12:24 | Slaughterhouse |
| 12:25 | Slaughterhouse |
| 12:34 | Sleep |
| 12:44 | Potion of Healing |
| 12:46 | Ghoul |
| 12:47 | Ghoul |
| 13:13 | Potion of Healing |
| 13:19 | Ghoul |
| 13:35 | Meat Wagon |
| 13:57 | Ghoul |
| 14:20 | Unholy Strength |
| 14:36 | Ziggurat |
| 14:56 | Goblin Zeppelin |
| 14:59 | Death Coil |
| 15:04 | Meat Wagon |
| 15:27 | Goblin Zeppelin |
| 15:28 | Goblin Sapper |
| 15:28 | Goblin Sapper |
| 15:28 | Goblin Sapper |
| 15:28 | Goblin Sapper |
| 16:32 | Scroll of Town Portal |
| 16:32 | Potion of Mana |
| 16:37 | Potion of Mana |
| 16:42 | Meat Wagon |
| 16:44 | Improved Unholy Strength |
| 16:59 | Scroll of Healing |
| 17:00 | Scroll of Healing |
| 17:15 | Crypt Fiend |
| 17:15 | Crypt Fiend |
| 17:22 | Scroll of Healing |
| 17:22 | Scroll of Protection |
| 17:52 | Vampiric Aura |
| 17:59 | Obsidian Statue |
| 18:08 | Ritual Dagger |
| 18:15 | Rod of Necromancy |
| 19:20 | Scroll of Town Portal |
| 19:21 | Scroll of Healing |
| 19:35 | Meat Wagon |
| 19:58 | Crypt Fiend |
| 20:16 | Potion of Mana |
| Select group | 1633 |
| Right click | 1201 |
| Select | 839 |
| Misc. action | 281 |
| Build/train/purchase | 137 |
| Assign group | 83 |
| Use ability | 55 |
| Chat | 17 |
| Item give/drop | 8 |
| Esc | 2 |
⇛